 Dungeon Crawl Stone Soup version 0.30-a0-23-ge60ba3568b (webtiles) character file.

Game seed: 4139502814321653818

3390 SolCadguy the Frost Mage (level 10, 0/71 HPs)
             Began as a Merfolk Ice Elementalist on Aug 26, 2022.
             Was an Initiate of Fedhas.
             Slain by a spriggan
             ... wielding a +0 trident
              (14 damage)
             ... in a bailey.
             The game lasted 00:38:18 (10747 turns).

SolCadguy the Frost Mage (MfIE)                    Turns: 10747, Time: 00:38:21

Health: 0/71       AC: 13    Str:  8    XL:     10   Next: 4%
Magic:  2/15       EV: 15    Int: 28    God:    Fedhas [......]
Gold:   268        SH:  0    Dex: 20    Spells: 4/16 levels left

rFire   . . .      SeeInvis .    x - +0 trident
rCold   . . .      Faith    .    (no shield)
rNeg    . . .      Spirit   .    a - +0 robe
rPois   .          Reflect  .    (no helmet)
rElec   .          Harm     .    q - +1 cloak
rCorr   .          Rampage  .    (no gloves)
Will    .....      Rage     3%   (no boots)
Stlth   ++........               (no amulet)
HPRegen 0.21/turn                f - +6 ring of intelligence
MPRegen 0.14/turn                i - +6 ring of dexterity

@: mighty, ice-armoured, on berserk cooldown, slowed, studying Unarmed Combat,
very slow
A: (nimble swimmer 2), mertail, berserk 1, clever 1
a: Renounce Religion


You were in a bailey.
You worshipped Fedhas.
Fedhas was noncommittal.
You visited 2 branches of the dungeon, and saw 8 of its levels.
You also visited: Bailey.

You collected 320 gold pieces.
You spent 52 gold pieces at shops.

Inventory:

Hand Weapons
 c - a +0 spear
 p - a +2 dagger of freezing
 r - a +1 whip of venom
 x - a +0 trident (weapon)
 E - a +0 halberd
Missiles
 d - 4 curare-tipped darts
 u - 9 boomerangs
 y - 3 javelins
 A - 6 poisoned darts (quivered)
Armour
 a - a +0 robe (worn)
 n - a +0 leather armour
 q - a +1 cloak (worn)
 t - a scarf of shadows
Jewellery
 f - a +6 ring of intelligence (left hand)
 i - a +6 ring of dexterity (right hand)
Wands
 k - a wand of light (6)
 s - a wand of mindburst (15)
 z - a wand of flame (53)
 C - a wand of charming (8)
Scrolls
 e - 3 scrolls of teleportation
 o - 3 scrolls of butterflies
 F - 4 scrolls of identify
 G - 3 scrolls of enchant armour
Potions
 b - 2 potions of magic
 g - 4 potions of curing
 h - a potion of mutation
 j - a potion of might
 l - 2 potions of lignification
 m - 2 potions of resistance
 v - a potion of brilliance
 w - a potion of cancellation {unknown}
 B - a potion of haste {unknown}


   Skills:
 + Level 3.7 Fighting
 - Level 9.5 Polearms
 + Level 5.4 Dodging
 - Level 2.1 Stealth
 + Level 3.7 Spellcasting
 - Level 4.0 Conjurations
 + Level 10.4 Ice Magic


You had 4 spell levels left.
You knew the following spells:

 Your Spells              Type           Power      Damage    Failure   Level
a - Freeze                Ice            100%       1d11      1%          1
b - Frozen Ramparts       Ice            100%       1d16      1%          3
c - Ozocubu's Armour      Ice            59%        N/A       1%          3
d - Foxfire               Conj/Fire      64%        2x1d7     3%          1
e - Hailstorm             Conj/Ice       45%        3d10      3%          4

Your spell library contained the following spells:

 Spells                   Type           Power      Damage    Failure   Level
 Summon Small Mammal      Summ           20%        N/A       8%          1
 Call Canine Familiar     Summ           5%         N/A       22%         3
 Summon Guardian Golem    Hex/Summ       5%         N/A       22%         3
 Tukima's Dance           Hex            5%         N/A       22%         3
 Anguish                  Hex/Necr       2%         N/A       58%         4
 Passage of Golubria      Tloc           5%         N/A       58%         4
 Yara's Violent Unravell  Hex/Tmut       2%         3d3       91%         5
 Enfeeble                 Hex            2%         N/A       100%        7


Dungeon Overview and Level Annotations

Branches:
Dungeon (7/15)             Temple (1/1) D:6          Bailey (1/1)

Altars:
Ashenzari
Cheibriados
Elyvilon
Fedhas
Hepliaklqana
Okawaru
Qazlal
Ru
Trog
Uskayaw
Vehumet
Xom
Yredelemnul
Zin

Shops:
D:2 !

Annotations:
D:4 3 runed translucent doors, voltaire321's ghost, amateur DgIE


Innate Abilities, Weirdness & Mutations

((You are very nimble when in or above water. (Stealth+, EV+, Speed+++)))
Your lower body shifts to a powerful aquatic tail in water.
You sometimes lose your temper in combat.
Your mind is acute. (Int +4, Str/Dex -1)


Message History

Unknown command.
You are too injured to fight recklessly!
You are too injured to fight recklessly!
You feel very mighty all of a sudden.
The spriggan hits you from afar with a +0 trident!
* * * LOW HITPOINT WARNING * * *
The spriggan barely misses you.
You are too injured to fight recklessly!
Reach: x) +0 trident
Press: ? - help, Dir - move target, f - spriggan
Aim: a spriggan, wielding a +0 trident (about 58% to evade your +0 trident)
You reach to attack!
You closely miss the spriggan. The spriggan barely misses you.
Reach: x) +0 trident
Press: ? - help, Dir - move target, f/p - spriggan
Aim: a spriggan, wielding a +0 trident (about 58% to evade your +0 trident)
You reach to attack!
You hit the spriggan.
The spriggan is lightly wounded.
The spriggan hits you but does no damage.
Reach: x) +0 trident
Press: ? - help, Dir - move target, f/p - spriggan
Aim: a spriggan, wielding a +0 trident (lightly wounded, about 58% to evade your +0 trident)
You reach to attack!
You closely miss the spriggan.
The spriggan is lightly wounded.
The spriggan misses you.
The spriggan hits you but does no damage.
Reach: x) +0 trident
Press: ? - help, Dir - move target, f/p - spriggan
Aim: a spriggan, wielding a +0 trident (lightly wounded, about 58% to evade your +0 trident)
You reach to attack!
You puncture the spriggan!
The spriggan is heavily wounded.
The spriggan closely misses you.
Reach: x) +0 trident
Press: ? - help, Dir - move target, f/p - spriggan
Aim: a spriggan, wielding a +0 trident (heavily wounded, about 58% to evade your +0 trident)
You reach to attack!
You hit the spriggan.
The spriggan is severely wounded.
The spriggan hits you from afar with a +0 trident!
You die...
Fedhas appreciates your contribution to the ecosystem.

#########
##.......##
##....i.@..##
##
#..#######.)##
#.## #).##
#♣..## ##...##
#.)♣ ##..##
#.....# #...
##..###.....##
#..
#..~~~..∩...#
#..
#..~~~......#
#.
#..~~~......#
#.
♣..~~~......#


You could see a spriggan.

Vanquished Creatures
  A gargoyle (D:7)
  2 spriggans (Bailey)
  Eustachio (D:6)
  Edmund (D:5)
  Duvessa (D:5)
  An ice beast (D:5)
  3 ogres
  2 black bears
  3 sky beasts
  A centaur (D:6)
  2 kobold brigands
  A bullfrog (D:6)
  A gnoll sergeant (D:5)
  A necrophage (D:6)
  6 scorpions
  Dowan (D:5)
  2 orc priests
  3 hounds
  Jessica (D:2)
  A gnoll bouda (D:6)
  5 iguanas
  Natasha (thrice) (D:4)
  An orc wizard (D:5)
  18 gnolls
  10 adders
  3 shadow imps
  A white imp (D:6)
  2 ufetubi
  2 dart slugs
  21 orcs
  7 ball pythons
  6 endoplasms
  4 giant cockroaches
  6 goblins
  11 hobgoblins
  6 jackals
  3 quokkas
  6 bats
  4 frilled lizards (D:1)
  18 kobolds
  4 rats
176 creatures vanquished.

Vanquished Creatures (others)
  28 foxfires
28 creatures vanquished.

Grand Total: 204 creatures vanquished

Notes
Turn   | Place    | Note
-------+----------+-------------------------------------------
     0 | D:1      | SolCadguy the Merfolk Ice Elementalist began the quest for
                  | the Orb.
     0 | D:1      | Reached XP level 1. HP: 13/13 MP: 3/3
   134 | D:1      | Found a blossoming altar of Fedhas.
   336 | D:1      | Reached XP level 2. HP: 6/19 MP: 1/5
   580 | D:1      | Found a faded altar of an unknown god.
   583 | D:1      | Reached skill level 5 in Ice Magic
   585 | D:1      | Got Plato's Parchment of the Blaze
  1119 | D:1      | Reached XP level 3. HP: 24/24 MP: 6/6
  1329 | D:1      | Learned a level 3 spell: Frozen Ramparts
  1777 | D:2      | Reached skill level 6 in Ice Magic
  1785 | D:2      | Reached XP level 4. HP: 30/30 MP: 7/7
  1789 | D:2      | Learned a level 3 spell: Ozocubu's Armour
  1888 | D:2      | Reached skill level 1 in Polearms
  1927 | D:2      | Noticed Jessica
  1938 | D:2      | Killed Jessica
  2203 | D:2      | Found Puyset's Distillery.
  2211 | D:2      | Bought a potion of degeneration for 13 gold pieces
  2211 | D:2      | Bought a potion of curing for 39 gold pieces
  2474 | D:2      | Learned a level 1 spell: Foxfire
  2865 | D:3      | Noticed an angel
  2869 | D:3      | Reached XP level 5. HP: 35/35 MP: 4/8
  2904 | D:3      | Found a shimmering altar of Xom.
  2904 | D:3      | Found a glowing silver altar of Zin.
  3124 | D:3      | Noticed a kobold brigand
  3133 | D:3      | Killed a kobold brigand
  3275 | D:3      | Found a hide-covered altar of Uskayaw.
  3309 | D:3      | Reached XP level 6. HP: 32/41 MP: 7/11
  3869 | D:4      | Found a bloodstained altar of Trog.
  3869 | D:4      | Found a hazy altar of Hepliaklqana.
  4104 | D:4      | Noticed Natasha
  4113 | D:4      | Killed Natasha
  4143 | D:4      | Found a runed translucent gate.
  4144 | D:4      | Found a runed translucent gate.
  4144 | D:4      | Found a runed translucent gate.
  4146 | D:4      | Noticed voltaire321's ghost (amateur DgIE)
  4234 | D:4      | Noticed Natasha
  4240 | D:4      | Killed Natasha
  4403 | D:4      | Noticed Natasha
  4504 | D:4      | Killed Natasha
  4990 | D:4      | Reached skill level 5 in Polearms
  4990 | D:4      | Reached XP level 7. HP: 46/46 MP: 4/12
  5344 | D:4      | Reached skill level 7 in Ice Magic
  5480 | D:4      | Found a sacrificial altar of Ru.
  5577 | D:4      | Found a stormy altar of Qazlal.
  5660 | D:5      | Entered Level 5 of the Dungeon
  5853 | D:5      | Learned a level 4 spell: Hailstorm
  5923 | D:5      | Reached skill level 1 in Conjurations
  5983 | D:5      | Reached XP level 8. HP: 38/52 MP: 9/13
  6120 | D:5      | Noticed Edmund
  6134 | D:5      | Killed Edmund
  6135 | D:5      | Reached skill level 8 in Ice Magic
  6770 | D:5      | Noticed Duvessa
  6777 | D:5      | Noticed Dowan
  7048 | D:5      | Killed Duvessa
  7052 | D:5      | Killed Dowan
  7668 | D:5      | Gained mutation: You passively map a small area around you.
                  | [potion of mutation]
  7668 | D:5      | Gained mutation: You are frail. (-10% HP) [potion of
                  | mutation]
  7669 | D:5      | Lost mutation: You are frail. (-10% HP) [potion of
                  | mutation]
  7669 | D:5      | Lost mutation: You passively map a small area around you.
                  | [potion of mutation]
  7669 | D:5      | Gained mutation: You sometimes lose your temper in combat.
                  | [potion of mutation]
  7669 | D:5      | Gained mutation: Your mind is acute. (Int +4, Str/Dex -1)
                  | [potion of mutation]
  8238 | D:6      | Reached skill level 9 in Ice Magic
  8238 | D:6      | Reached XP level 9. HP: 38/57 MP: 8/14
  8755 | D:6      | Found a staircase to the Ecumenical Temple.
  9319 | D:6      | Noticed Eustachio
  9330 | D:6      | Killed Eustachio
  9647 | Temple   | Entered the Ecumenical Temple
  9926 | D:1      | Became a worshipper of Fedhas Madash
 10291 | D:6      | Reached skill level 1 in Fighting
 10450 | D:7      | Noticed a gargoyle
 10466 | D:7      | Killed a gargoyle
 10467 | D:7      | Reached skill level 10 in Ice Magic
 10568 | D:7      | Found a flagged portal.
 10604 | Bailey   | Entered a bailey
 10717 | Bailey   | Reached skill level 5 in Dodging
 10728 | Bailey   | Reached XP level 10. HP: 71/71 MP: 1/15
 10747 | Bailey   | Slain by a spriggan

Illustrated notes

Levels and vault maps discovered:
D:1:      dpeg_arrival_water_altar, layout_rooms,
          shapermc_ecumenical_altar_rom_forum
D:2:      layout_basic, serial_shops, shop, uniq_jessica
D:3:      cheibrodos_thug_alley, layout_basic,
          grunt_temple_overflow_order_and_chaos_1,
          nicolae_uskayaw_murder_on_the_dancefloor, feat_on_display
D:4:      layout_basic, lemuel_coloured_pillars_altar,
          mainiacjoe_overflow_catwalk_spiral, kennysheep_mini_moat,
          ebering_ghost_rock_garden, columned_hall_lemuel, uniq_natasha
D:5:      layout_rooms, uniq_edmund, uniq_duvessa
D:6:      layout_layer_cave, minmay_temple_entry_purple_smoke, uniq_eustachio
D:7:      layout_rooms, lemuel_zombie_altar_kikubaaqudgha, lemuel_doored_altar,
          enter_bailey_3, nicolae_shop_overcharged_wands
Temple:   nicolae_temple_bog_church
Bailey:   bailey_polearm_enchanted_keep_hellmonk, bailey

Skill      XL: |  1  2  3  4  5  6  7  8  9 |
---------------+----------------------------+-----
Ice Magic      | 5 6 7 9 10 | 10.4
Polearms       | 2 3 5 7 8 9 |  9.5
Spellcasting   | 3 |  3.7
Conjurations   | 1 3 4 |  4.0
Dodging        | 5 |  5.4
Fighting       | 3 |  3.7
Stealth        | |  2.1

Action                   |  1- 3 |  4- 6 |  7- 9 | 10-12 || total
-------------------------+-------+-------+-------+-------++-------
Melee: Spear             |    87 |    63 |       |       ||   150
       Punch             |       |     1 |     5 |       ||     6
       Trident           |       |     5 |   248 |     5 ||   258
Throw: Dart              |       |     6 |    20 |       ||    26
       Boomerang         |       |     1 |    10 |       ||    11
 Cast: Freeze            |    19 |    25 |    14 |       ||    58
       Frozen Ramparts   |     2 |    15 |    28 |       ||    45
       Ozocubu's Armour  |       |     1 |    29 |     1 ||    31
       Foxfire           |       |     6 |    11 |       ||    17
       Hailstorm         |       |       |    14 |       ||    14
Evoke: Wand              |       |       |     3 |       ||     3
  Use: Scroll            |       |     6 |     1 |       ||     7
       Potion            |       |       |     8 |     1 ||     9
 Stab: Sleeping          |     6 |     5 |     3 |       ||    14
Armor: Robe              |    10 |    13 |    88 |     3 ||   114
Dodge: Dodged            |    62 |    41 |   138 |     6 ||   247

Table legend: (Time is in decaauts)
 A = Elapsed time spent in this place.
 B = Non-inter-level travel time spent in this place.
 C = Inter-level travel time spent in this place.
 D = Time resting spent in this place.
 E = Time spent auto-exploring this place.
 F = Levels seen in this place.
 G = Mean time per level.
                   A        B        C        D        E       F      G
               +--------+--------+--------+--------+--------+-----+--------+
         Total |  10732 |  10013 |    719 |   4933 |   3422 |   9 | 1192.4 |
       Dungeon |  10439 |   9727 |    712 |   4848 |   3324 |   7 | 1491.3 |
        Temple |    149 |    142 |      7 |      0 |     85 |   1 |  149.0 |
        Bailey |    143 |    143 |      0 |     84 |     12 |   1 |  143.0 |
               +--------+--------+--------+--------+--------+-----+--------+

Top non-repeatable levels by time:
     D:5: 2112 daAuts
     D:6: 1975 daAuts
     D:3: 1740 daAuts
     D:4: 1560 daAuts
     D:2: 1449 daAuts
     D:1: 1448 daAuts
     D:7: 154 daAuts
  Temple: 149 daAuts
  Bailey: 143 daAuts
